 Dungeon Crawl Stone Soup version 0.30-a0-241-g1121274140 (webtiles) character file.

Game seed: 3724417457478634199

197534 Sobieck the Imperceptible (level 19, 0/124 HPs)
             Began as a Kobold Gladiator on Oct 9, 2022.
             Was the Champion of Uskayaw.
             Killed from afar by a bog body (12 damage)
             ... with a bolt of cold
             ... on level 4 of the Swamp on Oct 10, 2022.
             The game lasted 01:11:58 (33932 turns).

Sobieck the Imperceptible (Kobold Gladiator)       Turns: 33932, Time: 01:11:58

Health: 0/124      AC: 17    Str: 15    XL:     19   Next: 11%
Magic:  28/28      EV: 28    Int: 10    God:    Uskayaw [******]
Gold:   2767       SH: 10    Dex: 23    Spells: 18/18 levels left

rFire   + . .      SeeInvis .    a - +7 dagger of Destruction {elec, rElec rF+ rN+ Str+3, short}
rCold   . . .      Faith    +    h - +2 buckler
rNeg    + . .      Spirit   .    z - +0 troll leather armour
rPois   +          Reflect  .    c - +2 helmet
rElec   +          Harm     .    s - +0 cloak
rCorr   .          Rampage  .    B - +2 pair of gloves
Will    +....                    v - +2 pair of boots
Stlth   ++++++++++               X - amulet of faith {!P}
HPRegen 1.20/turn                F - ring of flight
MPRegen 0.21/turn                e - ring of poison resistance

@: grasped by roots, flying, constricted
A: small, no large weapons, nightstalker 3
}: 1/15 runes: gossamer
a: Renounce Religion, Stomp, Line Pass, Grand Finale


You were on level 4 of the Swamp.
You worshipped Uskayaw.
Uskayaw was pleased with you.
You visited 6 branches of the dungeon, and saw 31 of its levels.
You visited the Abyss 1 time.

You collected 2932 gold pieces.
You spent 165 gold pieces at shops.


Innate Abilities, Weirdness & Mutations

You are small and have problems with some larger weapons.
You are completely attuned to the shadows.


   Skills:
 - Level 15.0 Fighting
 - Level 10.0 Short Blades
 - Level 2.1 Throwing
 + Level 8.5 Armour
 + Level 19.6 Dodging
 - Level 24.0 Stealth
 - Level 7.0 Shields
 + Level 12.6 Invocations


You had 18 spell levels left.
You didn't know any spells.
Your spell library contained the following spells:

 Spells                   Type           Power      Damage    Failure   Level
 Apportation              Tloc           0%         N/A       54%         1
 Magic Dart               Conj           0%         1d3       54%         1
 Necrotise                Necr           0%         1d4       54%         1
 Sting                    Tmut/Pois      0%         1d3       54%         1
 Summon Small Mammal      Summ           0%         N/A       54%         1
 Blink                    Tloc           0%         N/A       67%         2
 Call Imp                 Summ           0%         N/A       67%         2
 Cigotuvi's Dreadful Rot  Necr/Pois/Air  0%         N/A       67%         2
 Poisonous Vapours        Pois/Air       0%         N/A       67%         2
 Sublimation of Blood     Necr           0%         N/A       67%         2
 Hailstorm                Conj/Ice       0%         3d3       88%         3
 Inner Flame              Hex/Fire       0%         N/A       88%         3
 Kindle Blastsparks       Fire/Tloc/Air  0%         2d10      88%         3
 Mephitic Cloud           Conj/Pois/Air  0%         N/A       88%         3
 Ozocubu's Armour         Ice            0%         N/A       88%         3
 Stone Arrow              Conj/Erth      0%         3d7       88%         3
 Summon Guardian Golem    Hex/Summ       0%         N/A       88%         3
 Animate Armour           Summ/Erth      0%         N/A       99%         4
 Cause Fear               Hex            0%         N/A       99%         4
 Fulminant Prism          Conj/Hex       0%         3d6       99%         4
 Ice Form                 Ice/Tmut       0%         N/A       99%         4
 Iskenderun's Mystic Bla  Conj/Tloc      0%         2d3       99%         4
 Manifold Assault         Tloc           0%         N/A       99%         4
 Olgreb's Toxic Radiance  Pois           0%         N/A       99%         4
 Petrify                  Tmut/Erth      0%         N/A       99%         4
 Alistair's Intoxication  Tmut/Pois      0%         N/A       100%        5
 Blade Hands              Tmut           0%         N/A       100%        5
 Borgnjor's Vile Clutch   Necr/Erth      0%         N/A       100%        5
 Freezing Cloud           Conj/Ice/Air   0%         6-21      100%        5
 Irradiate                Conj/Tmut      0%         3d11      100%        5
 Lee's Rapid Deconstruct  Erth           0%         3d5*      100%        5
 Eringya's Noxious Bog    Tmut/Pois      0%         N/A       100%        6
 Iron Shot                Conj/Erth      0%         9d1       100%        6
 Simulacrum               Ice/Necr       0%         N/A       100%        6
 Orb of Destruction       Conj           0%         9d5       100%        7
 Ozocubu's Refrigeration  Ice            0%         4d7       100%        7
 Spellforged Servitor     Conj/Summ      0%         N/A       100%        7
 Storm Form               Tmut/Air       0%         N/A       100%        7
 Discord                  Hex            0%         N/A       100%        8
 Lehudib's Crystal Spear  Conj/Erth      0%         10d2      100%        8
 Polar Vortex             Ice            0%         N/A       100%        9

Inventory:

Hand Weapons
 a - the +7 dagger of Destruction (weapon) {elec, rElec rF+ rN+ Str+3, short}
   (You found it on level 3 of the Spider Nest)

   It occasionally discharges a powerful burst of electricity upon striking a
   foe.
   Str:       It affects your strength (+3).
   rF:        It protects you from fire.
   rElec:     It insulates you from electricity.
   rN:        It protects you from negative energy.
 M - a +3 rapier of electrocution {short}
   (You took it off Nikola on level 2 of the Swamp)
Missiles
 d - 8 throwing nets (quivered) {=f!fthrowing}
 i - 8 curare-tipped darts {=fthrowing}
Armour
 c - a +2 helmet (worn)
   (You found it on level 4 of the Spider Nest)
 h - a +2 buckler (worn)
   (You took it off a gnoll sergeant on level 6 of the Dungeon)
 s - a +0 cloak (worn)
   (You took it off Nikola on level 2 of the Swamp)
 v - a +2 pair of boots (worn)
   (You found it on level 11 of the Dungeon)
 z - a +0 troll leather armour (worn)
   (You found it on level 10 of the Dungeon)
 B - a +2 pair of gloves (worn)
   (You found it on level 3 of the Lair of Beasts)
 D - a +0 kite shield
   (You found it on level 1 of the Lair of Beasts)
Jewellery
 e - a ring of poison resistance (right hand)
   (You found it on level 1 of the Spider Nest)
 y - a +4 ring of evasion
   (You found it on level 2 of the Spider Nest)
 F - a ring of flight (left hand)
   (You found it on level 7 of the Dungeon)
 G - a ring of see invisible
   (You bought it in a shop on level 2 of the Orcish Mines)
 H - a +4 ring of protection
   (You found it on level 12 of the Dungeon)
 S - a +6 ring of intelligence
   (You found it on level 14 of the Dungeon)
 W - an amulet of reflection
   (You found it on level 1 of the Lair of Beasts)
 X - an amulet of faith (around neck) {!P}
   (You found it on level 3 of the Lair of Beasts)
 Y - a ring of protection from cold
   (You found it on level 6 of the Dungeon)
Wands
 l - a wand of roots (19)
   (You found it on level 9 of the Dungeon)
 x - a wand of digging (8)
   (You found it on level 6 of the Dungeon)
 A - a wand of polymorph (23)
   (You found it on level 1 of the Lair of Beasts)
 C - a wand of light (34)
   (You took it off a gnoll on level 7 of the Dungeon)
 Q - a wand of charming (43)
   (You found it on level 5 of the Dungeon)
 U - a wand of mindburst (26)
   (You found it on level 9 of the Dungeon)
Scrolls
 g - 2 scrolls of silence {!r}
 m - 2 scrolls of vulnerability {!r!r}
 n - 5 scrolls of magic mapping {!r}
 p - 8 scrolls of fear
 q - a scroll of blinking {!r}
 u - 13 scrolls of teleportation {@r4}
 J - 6 scrolls of immolation {!r!r}
 K - 6 scrolls of identify {@r1}
 T - a scroll of brand weapon
 V - 4 scrolls of butterflies
 Z - 4 scrolls of poison {!r}
Potions
 b - 4 potions of heal wounds {@q2}
 j - a potion of magic
 o - 2 potions of lignification {!q}
 r - 11 potions of ambrosia
 t - 6 potions of berserk rage {!q}
 w - 15 potions of curing {@q1}
 E - a potion of resistance
 I - 6 potions of mutation {!q}
 L - 3 potions of haste {@q3}
 N - 4 potions of attraction {!q}
 O - 7 potions of brilliance
 P - 9 potions of might
 R - 2 potions of cancellation
Miscellaneous
 f - a tin of tremorstones (2/2) {throwing}
   (You found it on level 6 of the Dungeon)
 k - a box of beasts
   (You found it on level 1 of the Spider Nest)

Dungeon Overview and Level Annotations

Branches:
Dungeon (15/15) Zot: 25495  Temple (1/1) D:6 Zot: 5870    Lair (5/5) D:10 Zot: 24079
  Swamp (4/4) Lair:3 Zot: 21742  Spider (4/4) Lair:3 Zot: 18482   Slime (0/5) Lair:4
    Orc (2/2) D:10 Zot: 10586     Elf (0/3) Orc:2        Vaults (0/5) D:14
 Depths (0/4) D:15

Altars:
Ashenzari
Cheibriados
Dithmenos
Elyvilon
Fedhas
Gozag
Hepliaklqana
Kikubaaqudgha
Makhleb
Nemelex Xobeh
Okawaru
Qazlal
Ru
Sif Muna
Trog
Uskayaw
Vehumet
Wu Jian
Xom
Yredelemnul
Zin
The Shining One
Lugonu

Shops:
D:12 [   D:14 (:   Orc:2 ([=*(

Portals:
Abyss: Lair:5

Annotations:
D:7 Menkaure
Lair:1 2 transporters
Abyss:1 Pikel, Psyche

~.~~.♣♣ ♣~....♣♣ ......
♣..~..♣ ♣♣ nD...~
##♣♣♣~..~♣ ♣~♣
~..#.####~~.~^§~.♣♣~♣
P8..~~~.#~~~~)~~~.~♣♣
~.8.(.(f#§~§~§~~~~~<♣♣
k.....PP..~§.~~~~~~.~♣♣♣
?..#.P.n.@.~~.~†~~§~.~~♣♣♣
#.#.##.DD...~....†~~~~.~.♣
~.§#..D.#..~§.~~~~~§~.~~~♣
.~.P.~...~§~.~~~....~~.~♣
(~(.(P.~~~~§♣...♣♣.~..♣♣
[..~..#~.~.♣♣♣♣♣.~~~~.♣♣
.#+####~♣~♣♣ ♣~~.§~..♣
##♣♣♣ ♣♣~~~~..♣ ♣♣♣.~♣♣♣


You could see a shambling mangrove, an eight-headed hydra (fleeing), a
six-headed hydra, a four-headed hydra (fleeing) and a bog body.


Message History

Unknown command.
You hit the eight-headed hydra.
The eight-headed hydra completely misses you. x2
You block the eight-headed hydra's attack.
The eight-headed hydra bites you but does no damage.
The eight-headed hydra completely misses you. x2
The eight-headed hydra bites you but does no damage.
The eight-headed hydra misses you.
Unknown command.
You hit the eight-headed hydra. The eight-headed hydra misses you.
The eight-headed hydra bites you but does no damage.
You block the eight-headed hydra's attack.
The eight-headed hydra bites you! The eight-headed hydra misses you.
The eight-headed hydra closely misses you.
The eight-headed hydra completely misses you.
The eight-headed hydra bites you!
A shambling mangrove comes into view.
Unknown command.
You barely miss the eight-headed hydra.
A nearby plant withers and dies.
Unknown command.
You puncture the eight-headed hydra!
Something touches the fungus.
The fungus begins to die.
Something freezes the fungus!
The eight-headed hydra closely misses you. x2
The eight-headed hydra completely misses you.
You block the eight-headed hydra's attack.
The eight-headed hydra barely misses you.
You block the eight-headed hydra's attack.
The eight-headed hydra completely misses you.
The eight-headed hydra bites you but does no damage.
Unknown command.
The four-headed hydra roars!
You puncture the eight-headed hydra!
Unknown command.
You puncture the eight-headed hydra! The eight-headed hydra misses you.
You block the eight-headed hydra's attack.
The eight-headed hydra misses you.
The eight-headed hydra bites you but does no damage.
The eight-headed hydra misses you.
The eight-headed hydra bites you but does no damage.
The eight-headed hydra misses you.
The eight-headed hydra closely misses you.
The six-headed hydra bites you! The six-headed hydra barely misses you.
The six-headed hydra completely misses you. x2
The six-headed hydra misses you.
The six-headed hydra bites you but does no damage.
Unknown command.
You hit the eight-headed hydra.
Roots burst forth from the earth!
The grasping roots grab you! The grasping roots constrict you!
Unknown command.
You puncture the eight-headed hydra!
The eight-headed hydra completely misses you.
The eight-headed hydra bites you but does no damage.
The eight-headed hydra misses you.
The eight-headed hydra bites you but does no damage.
You block the eight-headed hydra's attack.
The eight-headed hydra misses you.
The eight-headed hydra closely misses you.
The eight-headed hydra misses you.
The six-headed hydra bites you but does no damage. x2
The six-headed hydra bites you!
* * * LOW HITPOINT WARNING * * *
The six-headed hydra bites you but does no damage.
The six-headed hydra bites you.
* * * LOW HITPOINT WARNING * * *
You block the six-headed hydra's attack.
Unknown command.
Unknown command.
The roots grasp on you weakens, but your attempt to escape fails.
The eight-headed hydra completely misses you.
The eight-headed hydra bites you but does no damage.
The eight-headed hydra closely misses you.
You block the eight-headed hydra's attack.
The eight-headed hydra completely misses you.
The eight-headed hydra bites you!
* * * LOW HITPOINT WARNING * * *
The eight-headed hydra bites you!
* * * LOW HITPOINT WARNING * * *
The eight-headed hydra completely misses you.
The grasping roots constrict you!
* * * LOW HITPOINT WARNING * * *
You block the six-headed hydra's attack.
The six-headed hydra bites you!
* * * LOW HITPOINT WARNING * * *
The six-headed hydra completely misses you.
The six-headed hydra bites you.
* * * LOW HITPOINT WARNING * * *
The six-headed hydra closely misses you. x2
Unknown command.
Unknown command.
As you read the scroll of fear, it crumbles to dust.
You assume a fearsome visage.
The eight-headed hydra looks frightened!
The bog body is unaffected.
The six-headed hydra resists with some effort.
The four-headed hydra looks frightened!
The shambling mangrove is unaffected.
The bog body gestures at you while chanting.
The bolt of cold hits you!
You die...

Skill      XL: |  1  2  3  4  5  6  7  8  9 10 11 12 13 14 15 16 17 18 |
---------------+-------------------------------------------------------+-----
Short Blades   | 5 6 7 8 10 | 10.0
Stealth        | 3 6 9 11 16 17 20 23 24 | 24.0
Fighting       | 3 4 6 7 8 9 10 13 14 15 | 15.0
Dodging        | 4 7 9 10 11 12 14 16 18 19 | 19.6
Invocations    | 5 8 9 10 12 | 12.6
Armour         | 3 4 6 8 |  8.5
Shields        | 3 4 6 7 |  7.0
Throwing       | |  2.1

Action                   |  1- 3 |  4- 6 |  7- 9 | 10-12 | 13-15 | 16-18 | 19-21 || total
-------------------------+-------+-------+-------+-------+-------+-------+-------++-------
Melee: Rapier            |    31 |       |       |       |       |       |       ||    31
       Punch             |     1 |     3 |     4 |       |       |       |       ||     8
       Dagger            |    15 |   127 |   185 |   318 |   821 |  1487 |    71 ||  3024
Invok: Line Pass         |       |       |       |     1 |     5 |    15 |       ||    21
       Stomp             |       |       |       |       |     1 |       |       ||     1
       Grand Finale      |       |       |       |       |       |     2 |       ||     2
Evoke: Wand              |       |       |       |     2 |       |       |       ||     2
  Use: Scroll            |       |       |     7 |    18 |    12 |    10 |     1 ||    48
       Potion            |       |       |       |     6 |     3 |     7 |       ||    16
 Stab: Sleeping          |    13 |    13 |    14 |    50 |    54 |   109 |     1 ||   254
       Distracted        |       |     1 |     2 |     1 |     9 |    21 |       ||    34
       Paralysed         |       |       |       |    16 |    58 |    84 |     4 ||   162
       Confused          |       |       |       |       |     2 |     9 |       ||    11
Armor: Leather armour    |     6 |    20 |    25 |    17 |       |       |       ||    68
       Troll leather arm |       |       |       |    14 |   133 |   165 |    29 ||   341
Dodge: Dodged            |    23 |    59 |    89 |   212 |   440 |  1062 |    91 ||  1976
Block: Buckler           |       |       |     7 |    91 |   295 |   552 |    37 ||   982

Levels and vault maps discovered:
D:1:      nicolae_arrival_washed_ashore, layout_basic, st_stairs_7
D:2:      minmay_diamond_boxcup, layout_loops_cross
D:3:      layout_basic, mainiacjoe_overflow_24_doors, slow_altar_2,
          nicolae_elyvilon_temple_path, mainiacjoe_overflow_catwalk_spiral,
          chequers_ecumenical_altar_island
D:4:      layout_cave_pods, grunt_dithmenos_smoke_and_mirrors,
          amcnicky_altar_gilded, dreamdust_princess_bridge,
          grunt_decor_junction, uniq_natasha, uniq_eustachio
D:5:      layout_basic, zin_academy
D:6:      minmay_clustersquares, layout_basic, lemuel_crystal_altar,
          ashenzari_altar_1, minmay_temple_entry_mini_moons,
          serial_co_window_serial, co_window_paths_b, co_window_paths_b,
          co_window_paths_b, co_window_corner_a, co_window_cross_1,
          co_window_paths_c, co_window_2corner, co_window_unsneaky_path_b,
          co_window_corner_cb, co_window_unsneaky_path_c,
          co_window_of_opportunity_c, glass_columns_c, glass_columns_b,
          glass_columns_c, minivault_11, uniq_pikel
D:7:      layout_rooms, uniq_menkaure
D:8:      layout_loops_ring, mainiacjoe_overflow_paths
D:9:      layout_basic, bloody_trog, uniq_psyche
D:10:     layout_cave_pools, nicolae_ru_great_annihilating_truth,
          erik_lair_island, uniq_urug, uniq_sonja
D:11:     cheibrodos_magma_flow, layout_cave_pods
D:12:     layout_gridville, serial_shops, shop, okawaru_altar_gauntlet_db,
          uniq_snorg
D:13:     layout_roguey, serial_glass, glass_columns_b, glass_columns_b,
          xom_teletrap_fun
D:14:     layout_stronghold, hangedman_vaults_entry_quadrant_bands,
          serial_shops, nicolae_shop_window_shopping, st_stairs_6,
          nicolae_shop_i_like_big_books
D:15:     gammafunk_depths_entry_grave, layout_cave_pods,
          roderic_serpentine_path, fungi_pond_lemuel
Temple:   nicolae_temple_figure_zero
Lair:1:   gammafunk_cloud_chamber, layout_gridlike, ebering_ghost_xom,
          beast_lair_carwin_3
Lair:2:   layout_concentric_octagons, minivault_24, grunt_megastairs_3
Lair:3:   layout_gridlike, nicolae_swamp_entry_splash_gauntlet,
          spider_nest_entry_funnel_web, grunt_megastairs_5
Lair:4:   layout_regular_city, slime_entry_1, chequers_serial_rivers_micro_e
Lair:5:   hellmonk_lair_end_abyssal_woods, layout_regular_city, basic_altar
Swamp:1:  layout_basic_swamp, evilmike_swamp_ruin_house_2,
          infiniplex_staircase_pool_2
Swamp:2:  layout_falls_marsh, nicolae_swamp_stair_fork, uniq_nikola,
          uniq_mlioglotl
Swamp:3:  layout_falls_marsh, serial_swamp_ruin, evilmike_swamp_ruin_house_5,
          evilmike_swamp_ruin_house_3, infiniplex_staircase_pool
Swamp:4:  grunt_swamp_rune_castle, layout_basic_swamp
Spider:1: nicolae_spider_jumping_over_cracks
          [nicolae_spider_jumping_sub_no_exit, nicolae_spider_jumping_sub_grid,
          nicolae_spider_jumping_sub_shuffled, nicolae_spider_jumping_sub_moat],
          nicolae_spider_webbed_stairs
Spider:2: layout_spider_delve, nicolae_spider_bug_shape
Spider:3: layout_chambers, nicolae_spider_nook
Spider:4: hellmonk_spider_rune_bug_friends
Orc:1:    layout_caves, special_room [special_room_orc]
Orc:2:    grunt_orc_gardens, layout_caves, grunt_orc_garden, grunt_orc_garden,
          grunt_orc_garden, grunt_orc_garden, serial_shops,
          nicolae_shop_advertising_works [nicolae_subvault_shop_adworks],
          portal_ice_cave_demonic_guard

Notes
Turn   | Place    | Note
-------+----------+-------------------------------------------
     0 | D:1      | Sobieck the Kobold Gladiator began the quest for the Orb.
     0 | D:1      | Reached XP level 1. HP: 12/12 MP: 1/1
    62 | D:1      | HP: 1/12 [gnoll/+0 spear (3)]
    65 | D:1      | Reached XP level 2. HP: 3/17 MP: 2/2
   226 | D:1      | Reached skill level 5 in Short Blades
   235 | D:1      | You add the spells Ozocubu's Armour and Ozocubu's
                  | Refrigeration to your library.
   349 | D:1      | Reached XP level 3. HP: 21/21 MP: 3/3
  1287 | D:2      | Reached skill level 6 in Short Blades
  1420 | D:2      | Reached XP level 4. HP: 26/26 MP: 4/4
  1999 | D:1      | Reached skill level 7 in Short Blades
  1999 | D:1      | Reached XP level 5. HP: 28/30 MP: 5/5
  2002 | D:1      | Reached skill level 1 in Stealth
  2505 | D:3      | Found a radiant altar of Vehumet.
  2546 | D:3      | Reached skill level 2 in Stealth
  2682 | D:3      | You add the spells Sting, Poisonous Vapours and Olgreb's
                  | Toxic Radiance to your library.
  2881 | D:3      | Found a glowing golden altar of the Shining One.
  3158 | D:3      | Found a white marble altar of Elyvilon.
  3188 | D:3      | Found a snail-covered altar of Cheibriados.
  3197 | D:3      | Reached skill level 3 in Fighting
  3290 | D:3      | Found a shimmering altar of Xom.
  3503 | D:3      | Found a faded altar of an unknown god.
  3917 | D:4      | Reached skill level 3 in Stealth
  3917 | D:4      | Reached XP level 6. HP: 20/37 MP: 6/6
  3918 | D:4      | You pick up a book of Minor Magic and begin reading...
  3918 | D:4      | You add the spells Magic Dart, Call Imp and Mephitic Cloud
                  | to your library.
  3998 | D:4      | Found a shadowy altar of Dithmenos.
  4120 | D:4      | Reached skill level 4 in Stealth
  4279 | D:4      | Found a hazy altar of Hepliaklqana.
  4338 | D:4      | Reached skill level 4 in Fighting
  4459 | D:4      | Noticed Eustachio
  4482 | D:4      | Killed Eustachio
  4483 | D:4      | Reached skill level 6 in Stealth
  4483 | D:4      | Reached XP level 7. HP: 14/43 MP: 7/7
  4731 | D:4      | Noticed Natasha
  4735 | D:4      | Killed Natasha
  4789 | D:5      | Entered Level 5 of the Dungeon
  4973 | D:5      | Reached skill level 4 in Dodging
  5173 | D:6      | Reached skill level 8 in Short Blades
  5303 | D:5      | Noticed a water moccasin
  5307 | D:5      | Killed a water moccasin
  5308 | D:5      | Reached XP level 8. HP: 48/48 MP: 8/8
  5348 | D:5      | Reached skill level 5 in Dodging
  5360 | D:5      | Reached skill level 9 in Short Blades
  5415 | D:5      | Found a glowing silver altar of Zin.
  5831 | D:6      | Found a staircase to the Ecumenical Temple.
  5842 | Temple   | Entered the Ecumenical Temple
  6282 | D:6      | Found a broken altar of Ashenzari.
  6336 | D:6      | Noticed Pikel
  6354 | D:5      | Banished Pikel
  6355 | D:5      | Reached skill level 10 in Short Blades
  6355 | D:5      | Reached skill level 7 in Dodging
  6355 | D:5      | Reached XP level 9. HP: 45/52 MP: 9/9
  6424 | D:6      | Reached skill level 7 in Stealth
  6573 | D:6      | Reached skill level 5 in Fighting
  6627 | D:6      | Found a basalt altar of Yredelemnul.
  6704 | D:6      | Reached skill level 8 in Dodging
  6887 | D:6      | You pick up a book of Iron and begin reading...
  6887 | D:6      | You add the spells Animate Armour, Blade Hands and Iron
                  | Shot to your library.
  7210 | D:6      | Reached skill level 8 in Stealth
  7271 | D:6      | Reached skill level 6 in Fighting
  7562 | D:7      | Noticed Menkaure
  7947 | D:7      | Reached skill level 9 in Stealth
  8003 | D:7      | Reached skill level 9 in Dodging
  8003 | D:7      | Reached XP level 10. HP: 61/61 MP: 10/10
  8658 | D:8      | Reached skill level 7 in Fighting
  8736 | D:8      | Noticed a cyclops
  8737 | D:8      | Found a hide-covered altar of Uskayaw.
  8743 | D:8      | Killed a cyclops
  8744 | D:8      | Reached skill level 10 in Dodging
  8744 | D:8      | Reached skill level 10 in Stealth
  8749 | D:8      | Became a worshipper of Uskayaw the Reveller
  8895 | D:8      | Reached * piety under Uskayaw
  9279 | D:8      | Reached ** piety under Uskayaw
  9448 | D:9      | Reached skill level 1 in Invocations
  9469 | D:9      | Reached *** piety under Uskayaw
  9551 | D:9      | Found a bloodstained altar of Trog.
  9580 | D:9      | Noticed a two-headed ogre
  9584 | D:9      | Killed a two-headed ogre
  9585 | D:9      | Reached skill level 11 in Stealth
  9585 | D:9      | Reached skill level 3 in Invocations
  9685 | D:9      | Reached **** piety under Uskayaw
  9775 | D:9      | Reached skill level 4 in Invocations
  9834 | D:9      | Noticed Psyche
  9838 | D:9      | Banished Psyche
 10189 | D:9      | Reached skill level 5 in Invocations
 10636 | D:10     | Entered Level 10 of the Dungeon
 10649 | D:9      | Reached XP level 11. HP: 44/67 MP: 15/15
 10735 | D:9      | Reached skill level 6 in Invocations
 10736 | D:9      | Reached skill level 12 in Stealth
 10737 | D:10     | Noticed Sonja
 11019 | D:10     | HP: 13/67 [poisoned by Sonja]
 11026 | D:10     | Killed Sonja
 11026 | D:10     | HP: 16/67 [poisoned by Sonja]
 11027 | D:10     | Reached skill level 7 in Invocations
 11031 | D:10     | HP: 7/67 [poisoned by Sonja]
 11363 | D:10     | Found a sacrificial altar of Ru.
 11382 | D:10     | Found a staircase to the Orcish Mines.
 11438 | D:10     | You pick up a book of Armaments and begin reading...
 11438 | D:10     | You add the spells Stone Arrow and Lehudib's Crystal Spear
                  | to your library.
 11622 | D:10     | Found a staircase to the Lair.
 11653 | D:10     | Reached skill level 8 in Invocations
 11736 | D:10     | Reached skill level 13 in Stealth
 11776 | D:10     | Noticed Urug
 11780 | D:10     | Killed Urug
 11782 | D:10     | B - a +0 eveningstar of protection {macerare=g}
 12073 | D:11     | Reached skill level 14 in Stealth
 12084 | D:11     | Noticed a cyclops
 12088 | D:11     | Killed a cyclops
 12194 | D:11     | Noticed a manticore
 12202 | D:11     | Killed a manticore
 12349 | D:11     | Noticed a manticore
 12353 | D:11     | Killed a manticore
 12354 | D:11     | Reached skill level 15 in Stealth
 13004 | D:12     | You pick up a book of Armaments and begin reading...
 13043 | D:12     | Reached skill level 16 in Stealth
 13043 | D:12     | Reached XP level 12. HP: 58/72 MP: 18/18
 13074 | D:12     | Noticed Snorg
 13078 | D:12     | Killed Snorg
 13081 | D:12     | Noticed a centaur warrior
 13085 | D:12     | Killed a centaur warrior
 13086 | D:12     | Reached skill level 1 in Armour
 13086 | D:12     | Reached skill level 1 in Shields
 13242 | D:12     | Identified the +0 scale mail of the Sunfish {Int+4}
 13289 | D:12     | You pick up a book of Ice and begin reading...
 13289 | D:12     | You add the spells Freezing Cloud, Simulacrum and Polar
                  | Vortex to your library.
 13424 | D:12     | Found an iron altar of Okawaru.
 13554 | D:12     | Found Sied's Armour Shop.
 13766 | D:13     | Noticed a centaur warrior
 13768 | D:13     | Killed a centaur warrior
 13885 | D:13     | Found a shimmering altar of Xom.
 13929 | D:13     | Noticed a seven-headed hydra
 13938 | D:13     | Killed a seven-headed hydra
 13939 | D:13     | Reached skill level 2 in Armour
 13939 | D:13     | Reached skill level 2 in Shields
 14177 | D:13     | Identified the amulet of the Lobster {RegenMP Str+4}
 14449 | D:14     | Noticed a deep elf knight
 14450 | D:14     | Killed a deep elf knight
 14470 | D:14     | Noticed a centaur warrior
 14471 | D:14     | Killed a centaur warrior
 14472 | D:14     | Reached skill level 8 in Fighting
 14493 | D:14     | Noticed an entropy weaver
 14497 | D:14     | Killed an entropy weaver
 14512 | D:14     | Reached skill level 9 in Invocations
 14546 | D:14     | Noticed a two-headed ogre
 14548 | D:14     | Found a gate to the Vaults.
 14548 | D:14     | Noticed an ogre mage
 14549 | D:14     | Killed an ogre mage
 14550 | D:14     | Reached skill level 3 in Armour
 14550 | D:14     | Reached skill level 11 in Dodging
 14550 | D:14     | Reached skill level 3 in Shields
 14551 | D:14     | Killed a two-headed ogre
 14552 | D:14     | Reached skill level 17 in Stealth
 14552 | D:14     | Reached XP level 13. HP: 78/78 MP: 18/20
 14733 | D:14     | You add the spells Alistair's Intoxication, Borgnjor's Vile
                  | Clutch and Eringya's Noxious Bog to your library.
 14835 | D:14     | Found Diulakus's Antique Weapon Boutique.
 14941 | D:14     | You are cast into the Abyss!
 14941 | Abyss:2  | Cast into level 2 of the Abyss (a wizard)
 15096 | Abyss:2  | Reached ***** piety under Uskayaw
 15116 | Abyss:2  | Reached skill level 10 in Invocations
 15239 | Abyss:2  | Reached skill level 12 in Dodging
 15407 | Abyss:2  | Reached skill level 18 in Stealth
 15493 | Abyss:2  | Noticed a black draconian
 15704 | Abyss:2  | Noticed a starcursed mass
 15736 | Abyss:2  | Killed a starcursed mass
 15737 | Abyss:2  | Reached skill level 19 in Stealth
 15807 | Abyss:2  | Noticed a tentacled starspawn
 15811 | Abyss:2  | Killed a tentacled starspawn
 15814 | D:14     | You pass through the gate.
 15814 | D:14     | Escaped the Abyss
 16061 | D:14     | Reached skill level 20 in Stealth
 16214 | D:14     | Found Koiczunt's Tremendous Tomes.
 16376 | D:15     | Entered Level 15 of the Dungeon
 16591 | D:15     | Reached XP level 14. HP: 84/84 MP: 21/21
 16842 | Lair:1   | Entered Level 1 of the Lair of Beasts
 16868 | Lair:1   | You pick up a book of Dangerous Friends and begin
                  | reading...
 16868 | Lair:1   | You add the spells Summon Guardian Golem, Orb of
                  | Destruction and Spellforged Servitor to your library.
 16911 | Lair:1   | Reached skill level 21 in Stealth
 16954 | Lair:1   | Found a transporter.
 17360 | Lair:1   | Found a runed translucent door.
 17361 | Lair:1   | Found a shimmering altar of Xom.
 17361 | Lair:1   | Noticed Hiufoemo's ghost (journeyman DjWr)
 17425 | Lair:1   | You pick up a book of Hexes and begin reading...
 17425 | Lair:1   | You add the spells Inner Flame, Cause Fear and Discord to
                  | your library.
 17489 | Lair:1   | Found a transporter.
 17642 | Lair:1   | You pick up a book of Cantrips and begin reading...
 17642 | Lair:1   | You add the spells Necrotise, Summon Small Mammal and
                  | Apportation to your library.
 17911 | Lair:1   | Killed Hiufoemo's ghost
 17912 | Lair:1   | Reached skill level 22 in Stealth
 18070 | Lair:2   | Reached ****** piety under Uskayaw
 18135 | Lair:2   | Reached skill level 23 in Stealth
 19233 | Lair:2   | Reached skill level 4 in Armour
 19245 | Lair:2   | Reached skill level 4 in Shields
 19399 | Lair:3   | Reached skill level 9 in Fighting
 19399 | Lair:3   | Reached XP level 15. HP: 90/90 MP: 22/22
 19476 | Lair:3   | You drop a +0 eveningstar of protection {macerare=g}.
 19478 | Lair:3   | B - a +0 eveningstar of protection {macerare=g}
 19562 | Lair:3   | HP: 18/90 [death yak (17)]
 19562 | Lair:3   | HP: 3/90 [death yak (15)]
 19586 | Lair:3   | Reached skill level 13 in Dodging
 19735 | Lair:3   | Found a hole to the Spider Nest.
 19924 | Lair:3   | Reached skill level 5 in Armour
 19924 | Lair:3   | Reached skill level 5 in Shields
 20048 | Lair:3   | You drop a +0 eveningstar of protection {macerare=g}.
 20049 | Lair:3   | B - a +0 eveningstar of protection {macerare=g}
 20050 | Lair:3   | You drop a +0 eveningstar of protection {macerare=g}.
 20057 | Lair:3   | Could not pick up a +0 eveningstar of protection
                  | {macerare=g} here; ([A]lways) ignore it?
 20287 | Lair:3   | Found a staircase to the Swamp.
 20519 | Lair:4   | You pick up a book of Alchemy and begin reading...
 20519 | Lair:4   | You add the spells Sublimation of Blood, Petrify and
                  | Irradiate to your library.
 20837 | Lair:4   | Found a staircase to the Slime Pits.
 21309 | Lair:4   | You fall into a shaft and drop 1 floor!
 21309 | Lair:5   | Entered Level 5 of the Lair of Beasts
 21309 | Lair:5   | Found an ancient bone altar of Kikubaaqudgha.
 21411 | Lair:5   | Reached skill level 10 in Fighting
 22264 | Lair:5   | Reached skill level 6 in Armour
 22264 | Lair:5   | Reached skill level 6 in Shields
 22320 | Lair:5   | Reached skill level 14 in Dodging
 22589 | Lair:5   | Reached XP level 16. HP: 99/99 MP: 23/23
 22624 | Lair:5   | Found a corrupted altar of Lugonu.
 22631 | Lair:5   | Found a one-way gate to the infinite horrors of the Abyss.
 22639 | Lair:5   | Reached skill level 11 in Fighting
 23374 | D:15     | Found a staircase to the Depths.
 23394 | D:15     | Reached skill level 7 in Shields
 23539 | D:15     | Reached skill level 15 in Dodging
 23649 | D:15     | You pick up a book of Ice and begin reading...
 23722 | D:15     | Reached skill level 12 in Fighting
 23995 | Orc:1    | Entered Level 1 of the Orcish Mines
 24706 | Orc:2    | Entered Level 2 of the Orcish Mines
 24712 | Orc:2    | Identified a +2 robe of the Archmagi
 24845 | Orc:2    | Found Ingupner's Antique Weapon Shop.
 24883 | Orc:2    | Found Julissop's Antique Armour Shoppe.
 24946 | Orc:2    | Found Ericlowai's General Store.
 24957 | Orc:2    | Reached skill level 16 in Dodging
 25023 | Orc:2    | Reached skill level 13 in Fighting
 25034 | Orc:2    | Found Woewk's Antique Weapon Emporium.
 25289 | Orc:2    | Found Dodyceic's Jewellery Shoppe.
 25313 | Orc:2    | Bought a ring of see invisible for 165 gold pieces
 25368 | Orc:2    | Found a staircase to the Elven Halls.
 25427 | Orc:2    | Paralysed by an orc sorcerer for 5 turns
 25638 | Spider:1 | Entered Level 1 of the Spider Nest
 25891 | Spider:1 | Reached XP level 17. HP: 81/109 MP: 24/24
 26931 | Spider:2 | HP: 24/110 [tarantella (9)]
 26932 | Spider:2 | Reached skill level 14 in Fighting
 26932 | Spider:2 | Reached skill level 17 in Dodging
 26940 | Spider:2 | HP: 27/111 [tarantella (3)]
 27840 | Spider:3 | Reached skill level 18 in Dodging
 27987 | Spider:3 | You pick up a book of Vapours and begin reading...
 28744 | Spider:3 | Identified the +7 dagger of Destruction {elec, rElec rF+
                  | rN+ Str+3}
 29084 | Spider:4 | Entered Level 4 of the Spider Nest
 29128 | Spider:4 | HP: 4/112 [disintegration (33)]
 29133 | Spider:4 | HP: 18/112 [barbs]
 29910 | Spider:3 | Reached XP level 18. HP: 87/117 MP: 16/26
 30535 | Spider:3 | Reached skill level 7 in Armour
 30550 | Spider:4 | Reached skill level 11 in Invocations
 31096 | Spider:4 | Got a gossamer rune of Zot
 31503 | Swamp:1  | Entered Level 1 of the Swamp
 31504 | Swamp:1  | Upgraded the game from 0.30-a0-223-gcb0039aa0c to
                  | 0.30-a0-241-g1121274140
 31807 | Swamp:1  | You pick up a book of Blasting and begin reading...
 31807 | Swamp:1  | You add the spells Kindle Blastsparks, Fulminant Prism,
                  | Iskenderun's Mystic Blast and Lee's Rapid Deconstruction to
                  | your library.
 31994 | Swamp:1  | Reached skill level 15 in Fighting
 32478 | Swamp:2  | Reached skill level 24 in Stealth
 32497 | Swamp:2  | Reached skill level 19 in Dodging
 32510 | Swamp:2  | You add the spells Blink, Manifold Assault and Storm Form
                  | to your library.
 32521 | Swamp:2  | Noticed Mlioglotl
 32525 | Swamp:2  | Killed Mlioglotl
 32663 | Swamp:2  | Noticed Nikola
 32863 | Swamp:2  | HP: 10/119 [Nikola/arc of chain lightning (37)]
 32948 | Swamp:2  | Killed Nikola
 33094 | Swamp:3  | Reached skill level 12 in Invocations
 33144 | Swamp:3  | Reached skill level 8 in Armour
 33391 | Swamp:3  | You pick up a book of the Tundra and begin reading...
 33391 | Swamp:3  | You add the spells Hailstorm and Ice Form to your library.
 33491 | Swamp:3  | Reached XP level 19. HP: 124/124 MP: 28/28
 33729 | Swamp:4  | Entered Level 4 of the Swamp
 33748 | Swamp:4  | Paralysed by a fenstrider witch for 2 turns
 33931 | Swamp:4  | HP: 30/124 [eight-headed hydra (11)]
 33931 | Swamp:4  | HP: 13/124 [six-headed hydra (8)]
 33932 | Swamp:4  | Killed from afar by a bog body

Vanquished Creatures
  Nikola (Swamp:2)
  Mlioglotl (Swamp:2)
  A tentacled starspawn (Abyss:2)
  A thorn hunter (Swamp:3)
  A fenstrider witch (Swamp:1)
  4 ghost moths
  2 emperor scorpions
  An orc warlord (Orc:2)
  A broodmother (Spider:2)
  4 eleionomae
  3 bunyips
  An ettin (Orc:1)
  Snorg (D:12)
  A shambling mangrove (Swamp:1)
  The ghost of Hiufoemo the Thaumaturge, a journeyman DjWr of Ashenzari (Lair:1)
  5 entropy weavers
  An entropy weaver (shapeshifter) (D:14)
  9 hydras
  3 centaur warriors
  2 jorogumos
  2 ogre magi
  8 boulder beetles
  8 alligators
  A death knight (D:15)
  A dancing weapon (Lair:1)
  A tengu warrior (D:15)
  5 thrashing horrors
  12 death yaks
  5 two-headed ogres
  5 orc high priests (Orc:2)
  A deep elf knight (D:14)
  Sonja (D:10)
  Urug (D:10)
  7 pharaoh ants
  A sixfirhy (Abyss:2)
  3 sun moths
  2 skeletal warriors (D:15)
  7 goliath frogs
  3 swamp dragons
  4 spriggan druids
  9 steelbarb worms
  A flayed ghost (D:15)
  4 bog bodies
  8 orb spiders
  2 wizards (D:14)
  2 deep elf pyromancers (D:14)
  A necromancer (D:15)
  4 orc knights
  12 wolf spiders
  A frost giant zombie (D:15)
  5 cyclopes
  11 ugly things
  2 orc sorcerers (Orc:2)
  A sphinx skeleton (D:15)
  2 manticores (D:11)
  A fire giant zombie (D:15)
  3 will-o-the-wisps
  3 moths of wrath (Spider:3)
  26 elephants
  A black mamba (shapeshifter) (Lair:5)
  2 black mambas
  2 molten gargoyles (D:11)
  2 orange demons (Abyss:2)
  2 large abominations
  2 torpor snails
  10 cane toads
  2 smoke demons
  9 demonic crawlers
  2 freezing wraiths (D:15)
  A komodo dragon (shapeshifter) (Abyss:2)
  A kobold demonologist (D:11)
  A rime drake (shapeshifter) (D:15)
  3 komodo dragons
  3 ancient zymes
  5 tyrant leeches
  7 trolls
  10 meliai
  A red devil (Abyss:2)
  2 ice devils (Orc:2)
  11 tarantellas
  3 polar bears
  24 blink frogs
  7 hornets
  2 slime creatures (D:15)
  A spriggan zombie (D:15)
  8 spriggans
  30 jumping spiders
  6 culicivoras
  3 flying skulls (Abyss:2)
  2 ynoxinuls
  2 wraiths
  7 wyverns
  27 yaks
  7 basilisks
  2 chaos spawn (Lair:5)
  A yak (shapeshifter) (Lair:5)
  29 redbacks
  A neqoxec (Abyss:2)
  Eustachio (D:4)
  2 wargs (Orc:2)
  10 vampire mosquitoes
  2 acid dragons
  17 swamp worms
  6 water moccasins
  2 swamp drakes
  31 orc warriors
  An ice beast (D:6)
  A sky beast (D:7)
  2 black bears (Lair:1)
  9 ogres
  13 wolves
  8 centaurs
  2 lemures (D:6)
  3 phantoms
  A kobold brigand (D:8)
  7 bullfrogs
  2 gnoll sergeants
  3 scorpions
  4 wights (D:6)
  13 small abominations
  14 killer bees (D:9)
  5 electric eels
  3 howler monkeys
  5 lava snakes (D:11)
  4 starcursed masses (Abyss:2)
  A jelly (D:5)
  7 hounds
  11 orc priests
  4 gnoll boudas
  An iron imp (D:3)
  12 orc wizards
  5 iguanas
  Natasha (D:4)
  24 gnolls
  9 adders
  2 shadow imps
  4 white imps
  2 ufetubi
  2 worms
  2 dart slugs
  60 orcs
  5 endoplasms
  6 goblins
  11 hobgoblins
  2 jackals (D:4)
  6 quokkas
  9 ball pythons
  5 bats
  5 frilled lizards
  13 kobolds
  5 rats
846 creatures vanquished.

Vanquished Creatures (others)
  A spriggan (Swamp:2)
  A bloated husk (Swamp:2)
  2 hornets
  An orc warrior (Orc:2)
  35 fungi
  36 plants
  A withered plant (D:15)
77 creatures vanquished.

Grand Total: 923 creatures vanquished

Table legend:
 A = Non-vault XP
 B = Vault XP
 C = Vault XP percentage of total XP
 D = Non-vault monster count
 E = Vault monster count
 F = Vault count percentage of total count
                 A         B        C        D         E       F
            +---------+---------+-------+---------+---------+-------
      Total |  192359 |   81478 |  29.8 |     680 |     243 |  26.3
            +---------+---------+-------+---------+---------+-------
        D:1 |     102 |       2 |   1.9 |      24 |       1 |   4.0
        D:2 |      37 |      18 |  32.7 |       9 |       9 |  50.0
        D:3 |      47 |      39 |  45.3 |      13 |       1 |   7.1
        D:4 |     216 |     214 |  49.8 |      27 |       2 |   6.9
        D:5 |     610 |     663 |  52.1 |      20 |       1 |   4.8
        D:6 |    1023 |     577 |  36.1 |      15 |      10 |  40.0
        D:7 |     871 |       0 |   0.0 |      21 |       0 |   0.0
        D:8 |     825 |       0 |   0.0 |      10 |       0 |   0.0
        D:9 |    2605 |     371 |  12.5 |      28 |       1 |   3.4
       D:10 |    1031 |    2179 |  67.9 |       9 |      13 |  59.1
       D:11 |    2729 |    1072 |  28.2 |      16 |       7 |  30.4
       D:12 |    2566 |     963 |  27.3 |       9 |       7 |  43.8
       D:13 |    3213 |       0 |   0.0 |       9 |       0 |   0.0
       D:14 |    4891 |    5988 |  55.0 |       9 |      16 |  64.0
       D:15 |   15996 |    4702 |  22.7 |      32 |       8 |  20.0
     Lair:1 |    4885 |    2337 |  32.4 |      21 |       6 |  22.2
     Lair:2 |   17931 |       0 |   0.0 |      49 |       0 |   0.0
     Lair:3 |   12268 |    1318 |   9.7 |      30 |       8 |  21.1
     Lair:4 |    4373 |       0 |   0.0 |      11 |       0 |   0.0
     Lair:5 |   12139 |   11615 |  48.9 |      28 |      44 |  61.1
    Swamp:1 |   18109 |       0 |   0.0 |      38 |       0 |   0.0
    Swamp:2 |    5763 |    3970 |  40.8 |      17 |       2 |  10.5
    Swamp:3 |   16740 |       0 |   0.0 |      23 |       0 |   0.0
    Swamp:4 |    4936 |     133 |   2.6 |       8 |       1 |  11.1
   Spider:1 |    6321 |    3291 |  34.2 |      23 |      14 |  37.8
   Spider:2 |    4618 |    4969 |  51.8 |      16 |       7 |  30.4
   Spider:3 |   21715 |   17735 |  45.0 |      49 |      32 |  39.5
   Spider:4 |    8870 |    6459 |  42.1 |      18 |       7 |  28.0
      Orc:1 |    4380 |    2413 |  35.5 |      46 |      15 |  24.6
      Orc:2 |    2125 |   10019 |  82.5 |      24 |      29 |  54.7
    Abyss:2 |   10424 |     431 |   4.0 |      28 |       2 |   6.7
            +---------+---------+-------+---------+---------+-------

Illustrated notes

Table legend:
 A = Kills in this place as a percentage of kills in entire the game.
 B = Kills by you in this place as a percentage of kills by you in the entire game.
 C = Kills by friends in this place as a percentage of kills by friends in the entire game.
 D = Other kills in this place as a percentage of other kills in the entire game.
 E = Experience gained in this place as a percentage of experience gained in the entire game.
 F = Experience gained in this place divided by the number of levels of this place that you have seen.
                   A       B       C       D       E      F
               +-------+-------+-------+-------+-------+----------------------
         Total | 100.0 | 100.0 |   N/A | 100.0 | 100.0 | 8557.4
       Dungeon |  35.4 |  35.6 |   N/A |  33.3 |  19.6 | 3570.0
          Lair |  21.3 |  20.3 |   N/A |  32.1 |  24.4 | 13373.2
         Swamp |   9.6 |  10.2 |   N/A |   3.7 |  18.1 | 12412.8
   Spider Nest |  18.0 |  18.4 |   N/A |  13.6 |  27.0 | 18494.5
  Orcish Mines |  12.4 |  12.0 |   N/A |  16.0 |   6.9 | 9468.5
         Abyss |   3.3 |   3.4 |   N/A |   1.2 |   4.0 | 10855.0
               +-------+-------+-------+-------+-------+----------------------

Table legend: (Time is in decaauts)
 A = Elapsed time spent in this place.
 B = Non-inter-level travel time spent in this place.
 C = Inter-level travel time spent in this place.
 D = Time resting spent in this place.
 E = Time spent auto-exploring this place.
 F = Levels seen in this place.
 G = Mean time per level.
                   A        B        C        D        E       F      G
               +--------+--------+--------+--------+--------+-----+--------+
         Total |  32680 |  30899 |   1781 |   3248 |  22230 |  32 | 1021.2 |
       Dungeon |  16629 |  15432 |   1197 |   1260 |  12171 |  15 | 1108.6 |
        Temple |    129 |    129 |      0 |      0 |    116 |   1 |  129.0 |
          Lair |   5920 |   5596 |    324 |    110 |   4565 |   5 | 1184.0 |
         Swamp |   2256 |   2215 |     41 |    264 |   1309 |   4 |  564.0 |
   Spider Nest |   5517 |   5358 |    159 |   1305 |   2782 |   4 | 1379.2 |
  Orcish Mines |   1413 |   1355 |     58 |     75 |    923 |   2 |  706.5 |
         Abyss |    813 |    813 |      0 |    234 |    362 |   1 |  813.0 |
               +--------+--------+--------+--------+--------+-----+--------+

Top non-repeatable levels by time:
Spider:3: 2651 daAuts
     D:9: 1632 daAuts
     D:6: 1409 daAuts
     D:1: 1352 daAuts
  Lair:5: 1301 daAuts
     D:5: 1294 daAuts
  Lair:2: 1271 daAuts
     D:3: 1256 daAuts
     D:4: 1247 daAuts
    D:11: 1199 daAuts
  Lair:3: 1191 daAuts
    D:15: 1152 daAuts
  Lair:1: 1144 daAuts
Spider:4: 1122 daAuts
    D:14: 1097 daAuts
